[ AOE2 MATCH · #474886982 ]
Team RMItalians vs Cumans
[ REPLAY ANALYSIS · EXTRACTED FROM THE RECORDED GAME ]
Feudal
—
Castle
—
Imperial
—
| APM avg | 11.8 |
| APM peak | 24 |
| eAPM avg | 9.0 |
| Villagers / military | 73 / 17 |
Focus
⚔️ 21.1% · 🌾 78.9%
Genoese Crossbowman ×6 · Spearman ×4 · Battering Ram ×4 · Skirmisher ×3
Feudal
10:17
Castle
25:05
Imperial
—
| APM avg | 43.6 |
| APM peak | 118 |
| eAPM avg | 20.3 |
| Villagers / military | 91 / 39 |
Focus
⚔️ 23.6% · 🌾 76.4%
Skirmisher ×22 · Militia ×16 · Archer ×1
Feudal
10:38
Castle
23:16
Imperial
—
| APM avg | 20.7 |
| APM peak | 48 |
| eAPM avg | 10.4 |
| Villagers / military | 53 / 41 |
Focus
⚔️ 30.2% · 🌾 69.8%
Archer ×38 · Spearman ×2 · Skirmisher ×1
Feudal
10:56
Castle
30:45
Imperial
—
| APM avg | 14.7 |
| APM peak | 34 |
| eAPM avg | 10.1 |
| Villagers / military | 80 / 48 |
Focus
⚔️ 27.4% · 🌾 72.6%
Skirmisher ×37 · Battering Ram ×11
Match map
Resources at game start + every placement click. Thick line = wall · dashed box = detected house wall. 🟡 gold · ⚪ stone · 🟢 berries · 🔶 boar · ⭕ relic
Inputs per minute
— frizboum - - IDrael
Build order — frizboum
147 actions detected in the replay
| 0:01 | Create | Villager (Male) |
| 0:10 | Build | House |
| 0:11 | Build | House |
| 0:12 | Build | House |
| 0:13 | Build | House |
| 0:24 | Research | Loom |
| 0:24 | Create | Villager (Male) |
| 0:24 | Create | Villager (Male) |
| 0:25 | Create | Villager (Male) |
| 0:25 | Create | Villager (Male) |
| 1:25 | Create | Villager (Male) |
| 2:10 | Create | Villager (Male) |
| 2:11 | Create | Villager (Male) |
| 2:40 | Create | Villager (Male) |
| 3:08 | Create | Villager (Male) |
| 4:22 | Create | Villager (Male) |
| 4:23 | Create | Villager (Male) |
| 4:23 | Create | Villager (Male) |
| 5:00 | Build | Mill |
| 5:21 | Create | Villager (Male) |
| 5:21 | Create | Villager (Male) |
| 5:22 | Create | Villager (Male) |
| 6:04 | Create | Villager (Male) |
| 6:05 | Create | Villager (Male) |
| 6:05 | Create | Villager (Male) |
| 6:05 | Create | Villager (Male) |
| 6:18 | Build | Lumber Camp |
| 6:28 | Create | Villager (Male) |
| 6:28 | Create | Villager (Male) |
| 6:51 | Create | Villager (Male) |
| 6:51 | Create | Villager (Male) |
| 6:51 | Create | Villager (Male) |
| 7:16 | Create | Villager (Male) |
| 7:16 | Create | Villager (Male) |
| 7:25 | Create | Villager (Male) |
| 7:26 | Create | Villager (Male) |
| 8:22 | Build | Mill |
| 8:35 | Build | House |
| 8:37 | Build | House |
| 8:51 | Create | Villager (Male) |
| 8:55 | Build | House |
| 8:56 | Build | House |
| 9:16 | Build | Mining Camp |
| 10:09 | Build | Mining Camp |
| 10:15 | Build | House |
| 10:24 | Build | House |
| 10:27 | Research | Feudal Age |
| 10:44 | Create | Villager (Male) |
| 11:15 | Create | Villager (Male) |
| 11:16 | Create | Villager (Male) |
| 11:27 | Build | Barracks |
| 12:52 | Build | Blacksmith |
| 13:01 | Build | Market |
| 13:06 | Research | Double-Bit Axe |
| 13:15 | Build | Watch Tower |
| 13:29 | Research | Wheelbarrow |
| 13:44 | Build | Farm |
| 13:58 | Build | Watch Tower |
| 14:12 | Create | Villager (Male) |
| 14:14 | Create | Villager (Male) |
| 14:30 | Build | Farm |
| 14:34 | Build | Farm |
| 14:37 | Create | Villager (Male) |
| 15:33 | Build | Farm |
| 15:35 | Build | Farm |
| 15:36 | Build | Farm |
| 15:39 | Build | Farm |
| 15:41 | Create | Villager (Male) |
| 15:51 | Build | Farm |
| 16:03 | Build | Farm |
| 16:09 | Create | Villager (Male) |
| 16:28 | Build | Farm |
| 16:32 | Create | Villager (Male) |
| 16:36 | Create | Villager (Male) |
| 16:52 | Build | Farm |
| 17:04 | Create | Spearman |
| 17:04 | Create | Spearman |
| 17:05 | Create | Spearman |
| 17:19 | Create | Spearman |
| 18:00 | Create | Villager (Male) |
| 18:00 | Create | Villager (Male) |
| 18:00 | Create | Villager (Male) |
| 18:01 | Create | Villager (Male) |
| 18:01 | Create | Villager (Male) |
| 18:11 | Create | Villager (Male) |
| 18:26 | Create | Villager (Male) |
| 18:26 | Create | Villager (Male) |
| 18:30 | Build | Farm |
| 18:37 | Build | Lumber Camp |
| 18:39 | Create | Villager (Male) |
| 18:48 | Build | Watch Tower |
| 20:33 | Create | Villager (Male) |
| 20:33 | Create | Villager (Male) |
| 20:42 | Create | Villager (Male) |
| 21:15 | Create | Villager (Male) |
| 21:36 | Build | Watch Tower |
| 21:43 | Create | Villager (Male) |
| 21:43 | Create | Villager (Male) |
| 22:16 | Create | Villager (Male) |
| 23:02 | Create | Villager (Male) |
| 24:11 | Create | Villager (Male) |
| 24:12 | Create | Villager (Male) |
| 24:12 | Create | Villager (Male) |
| 24:26 | Build | Farm |
| 24:53 | Create | Villager (Male) |
| 25:45 | Build | Blacksmith |
| 26:01 | Build | Blacksmith |
| 26:12 | Build | Blacksmith |
| 26:14 | Create | Villager (Male) |
| 26:17 | Research | Castle Age |
| 26:45 | Build | Archery Range |
| 26:53 | Create | Villager (Male) |
| 26:54 | Create | Villager (Male) |
| 27:11 | Research | Stone Mining |
| 27:24 | Create | Villager (Male) |
| 27:26 | Create | Villager (Male) |
| 27:28 | Build | Farm |
| 27:48 | Build | House |
| 27:50 | Build | House |
| 27:51 | Build | House |
| 27:52 | Build | House |
| 27:56 | Create | Villager (Male) |
| 27:59 | Create | Skirmisher |
| 27:59 | Create | Skirmisher |
| 27:59 | Create | Skirmisher |
| 28:50 | Research | Fletching |
| 29:13 | Build | Castle |
| 29:36 | Research | Horse Collar |
| 29:39 | Create | Villager (Male) |
| 29:39 | Create | Villager (Male) |
| 29:54 | Build | Siege Workshop |
| 30:46 | Create | Battering Ram |
| 30:46 | Create | Battering Ram |
| 30:46 | Create | Battering Ram |
| 30:47 | Create | Battering Ram |
| 30:59 | Create | Villager (Male) |
| 30:59 | Create | Villager (Male) |
| 30:59 | Create | Villager (Male) |
| 31:20 | Build | Town Center |
| 31:32 | Create | Genoese Crossbowman |
| 31:32 | Create | Genoese Crossbowman |
| 31:33 | Create | Genoese Crossbowman |
| 31:33 | Create | Genoese Crossbowman |
| 31:37 | Research | Padded Archer Armor |
| 31:48 | Create | Villager (Male) |
| 32:12 | Create | Genoese Crossbowman |
| 32:12 | Create | Genoese Crossbowman |
Build order — IDrael
First 150 of 232 actions detected
| 0:01 | Create | Villager (Male) |
| 0:01 | Create | Villager (Male) |
| 0:01 | Create | Villager (Male) |
| 0:03 | Build | House |
| 0:05 | Build | House |
| 0:36 | Create | Villager (Male) |
| 1:26 | Create | Villager (Male) |
| 1:26 | Create | Villager (Male) |
| 1:49 | Create | Villager (Male) |
| 1:50 | Create | Villager (Male) |
| 1:52 | Build | Lumber Camp |
| 2:19 | Create | Villager (Male) |
| 2:19 | Create | Villager (Male) |
| 3:08 | Create | Villager (Male) |
| 3:08 | Create | Villager (Male) |
| 3:08 | Create | Villager (Male) |
| 3:42 | Build | Mill |
| 3:44 | Create | Villager (Male) |
| 3:45 | Create | Villager (Male) |
| 4:18 | Create | Villager (Male) |
| 4:19 | Create | Villager (Male) |
| 4:39 | Create | Villager (Male) |
| 4:40 | Create | Villager (Male) |
| 4:53 | Build | House |
| 5:01 | Research | Loom |
| 5:26 | Create | Villager (Male) |
| 5:27 | Create | Villager (Male) |
| 5:27 | Create | Villager (Male) |
| 5:27 | Create | Villager (Male) |
| 5:31 | Build | House |
| 5:56 | Create | Villager (Male) |
| 7:17 | Create | Villager (Male) |
| 7:17 | Create | Villager (Male) |
| 7:32 | Research | Feudal Age |
| 8:18 | Build | Mill |
| 9:09 | Build | Barracks |
| 9:38 | Build | House |
| 9:46 | Create | Militia |
| 10:17 | Build | Mining Camp |
| 10:17 | Age | Feudal Age |
| 10:24 | Create | Villager (Male) |
| 10:24 | Create | Villager (Male) |
| 10:25 | Create | Villager (Male) |
| 10:43 | Research | Double-Bit Axe |
| 10:48 | Create | Militia |
| 11:20 | Build | Farm |
| 11:45 | Create | Villager (Male) |
| 11:46 | Create | Villager (Male) |
| 11:46 | Create | Villager (Male) |
| 11:46 | Create | Villager (Male) |
| 11:52 | Create | Militia |
| 11:52 | Create | Militia |
| 11:53 | Research | Man-at-Arms (upgrade) |
| 12:21 | Build | Barracks |
| 12:24 | Create | Villager (Male) |
| 12:25 | Create | Villager (Male) |
| 12:25 | Create | Villager (Male) |
| 12:44 | Research | Town Watch |
| 12:45 | Research | Wheelbarrow |
| 12:58 | Build | House |
| 13:02 | Build | House |
| 13:04 | Build | House |
| 13:08 | Build | House |
| 13:36 | Create | Villager (Male) |
| 13:36 | Create | Villager (Male) |
| 13:36 | Create | Villager (Male) |
| 13:37 | Create | Villager (Male) |
| 13:56 | Build | Farm |
| 13:57 | Build | Farm |
| 13:57 | Build | Farm |
| 13:57 | Build | Farm |
| 13:57 | Build | Farm |
| 13:58 | Build | Farm |
| 14:00 | Build | Farm |
| 14:10 | Create | Villager (Male) |
| 14:11 | Create | Militia |
| 14:11 | Create | Militia |
| 14:20 | Create | Militia |
| 14:25 | Build | House |
| 14:35 | Build | House |
| 14:54 | Build | Blacksmith |
| 15:01 | Create | Villager (Male) |
| 15:01 | Create | Villager (Male) |
| 15:23 | Create | Militia |
| 15:23 | Create | Militia |
| 15:26 | Build | Lumber Camp |
| 15:38 | Create | Villager (Male) |
| 15:40 | Build | House |
| 15:56 | Build | House |
| 16:03 | Research | Gold Mining |
| 16:11 | Research | Horse Collar |
| 16:15 | Create | Villager (Male) |
| 16:15 | Create | Villager (Male) |
| 16:21 | Create | Militia |
| 16:27 | Create | Militia |
| 16:38 | Build | House |
| 16:39 | Build | House |
| 16:41 | Create | Villager (Male) |
| 16:41 | Create | Villager (Male) |
| 16:49 | Create | Villager (Male) |
| 16:50 | Create | Villager (Male) |
| 16:57 | Build | Farm |
| 16:57 | Build | Farm |
| 17:01 | Build | Farm |
| 17:47 | Create | Militia |
| 17:47 | Create | Militia |
| 17:47 | Create | Militia |
| 17:48 | Create | Villager (Male) |
| 17:49 | Create | Villager (Male) |
| 18:29 | Create | Villager (Male) |
| 18:29 | Create | Villager (Male) |
| 18:29 | Create | Villager (Male) |
| 18:29 | Create | Villager (Male) |
| 18:32 | Build | Farm |
| 18:36 | Build | Farm |
| 18:36 | Build | Farm |
| 18:36 | Build | Farm |
| 18:42 | Build | Farm |
| 18:44 | Create | Villager (Male) |
| 18:44 | Create | Villager (Male) |
| 20:13 | Create | Villager (Male) |
| 20:14 | Create | Villager (Male) |
| 20:20 | Create | Villager (Male) |
| 20:20 | Create | Villager (Male) |
| 20:24 | Create | Militia |
| 20:24 | Create | Militia |
| 20:39 | Build | Farm |
| 20:39 | Build | Farm |
| 20:39 | Build | Farm |
| 20:39 | Build | Farm |
| 20:40 | Build | Farm |
| 20:40 | Build | Farm |
| 21:24 | Build | Watch Tower |
| 21:48 | Build | Archery Range |
| 21:49 | Build | House |
| 21:50 | Build | House |
| 21:52 | Build | Archery Range |
| 21:55 | Build | House |
| 21:56 | Build | House |
| 21:56 | Build | House |
| 22:04 | Build | Market |
| 22:06 | Build | House |
| 22:22 | Research | Castle Age |
| 22:23 | Research | Castle Age |
| 22:28 | Create | Villager (Male) |
| 22:29 | Create | Villager (Male) |
| 23:00 | Create | Villager (Male) |
| 23:01 | Create | Villager (Male) |
| 23:12 | Build | House |
| 23:42 | Build | House |
Build order — Helios
First 150 of 165 actions detected
| 0:04 | Build | House |
| 0:06 | Research | Loom |
| 0:09 | Build | House |
| 0:21 | Create | Villager (Male) |
| 0:22 | Create | Villager (Male) |
| 0:23 | Create | Villager (Male) |
| 1:31 | Create | Villager (Male) |
| 2:24 | Create | Villager (Male) |
| 2:31 | Build | Lumber Camp |
| 2:35 | Create | Villager (Male) |
| 3:10 | Create | Villager (Male) |
| 3:39 | Create | Villager (Male) |
| 3:58 | Create | Villager (Male) |
| 3:59 | Create | Villager (Male) |
| 4:08 | Build | House |
| 4:13 | Build | House |
| 4:16 | Build | House |
| 4:41 | Create | Villager (Male) |
| 5:38 | Create | Villager (Male) |
| 6:06 | Build | Mill |
| 6:17 | Create | Villager (Male) |
| 6:31 | Create | Villager (Male) |
| 7:03 | Create | Villager (Male) |
| 7:12 | Create | Villager (Male) |
| 7:53 | Build | Palisade Wall |
| 8:03 | Create | Villager (Male) |
| 8:17 | Create | Villager (Male) |
| 8:27 | Research | Feudal Age |
| 8:32 | Build | Farm |
| 8:48 | Build | Mining Camp |
| 8:58 | Build | Farm |
| 9:42 | Build | Palisade Wall |
| 9:57 | Create | Villager (Male) |
| 10:01 | Build | Farm |
| 10:03 | Build | Farm |
| 10:11 | Build | Barracks |
| 10:21 | Create | Villager (Male) |
| 10:38 | Age | Feudal Age |
| 10:46 | Create | Villager (Male) |
| 11:03 | Build | Farm |
| 11:28 | Build | Archery Range |
| 11:35 | Build | Palisade Wall |
| 11:39 | Create | Villager (Male) |
| 11:40 | Create | Villager (Male) |
| 11:41 | Create | Villager (Male) |
| 11:49 | Build | House |
| 11:57 | Create | Villager (Male) |
| 12:16 | Build | Lumber Camp |
| 12:21 | Create | Spearman |
| 12:21 | Create | Spearman |
| 12:54 | Create | Archer |
| 12:56 | Create | Archer |
| 12:57 | Create | Archer |
| 12:58 | Create | Archer |
| 13:00 | Create | Villager (Male) |
| 13:05 | Build | Farm |
| 13:16 | Build | Farm |
| 13:22 | Build | Farm |
| 13:25 | Create | Villager (Male) |
| 13:27 | Create | Archer |
| 13:39 | Build | Palisade Wall |
| 13:44 | Build | Palisade Gate |
| 14:01 | Research | Double-Bit Axe |
| 14:03 | Create | Villager (Male) |
| 14:04 | Create | Villager (Male) |
| 14:13 | Build | House |
| 14:40 | Create | Archer |
| 14:42 | Create | Villager (Male) |
| 15:01 | Build | House |
| 15:14 | Create | Archer |
| 15:35 | Create | Skirmisher |
| 15:46 | Build | House |
| 15:51 | Build | Blacksmith |
| 15:54 | Create | Villager (Male) |
| 15:54 | Create | Villager (Male) |
| 16:00 | Build | Farm |
| 16:03 | Build | Farm |
| 16:08 | Build | Farm |
| 16:10 | Build | Farm |
| 16:17 | Build | Archery Range |
| 16:21 | Create | Villager (Male) |
| 16:22 | Create | Archer |
| 16:52 | Research | Fletching |
| 16:53 | Create | Villager (Male) |
| 16:54 | Create | Villager (Male) |
| 17:13 | Create | Villager (Male) |
| 17:41 | Create | Villager (Male) |
| 17:45 | Create | Archer |
| 17:54 | Build | Farm |
| 17:58 | Build | Farm |
| 18:05 | Create | Archer |
| 18:34 | Create | Archer |
| 18:34 | Create | Archer |
| 18:35 | Create | Archer |
| 18:35 | Create | Archer |
| 18:39 | Build | House |
| 18:40 | Build | House |
| 18:41 | Build | House |
| 20:36 | Research | Castle Age |
| 20:40 | Build | House |
| 20:42 | Build | House |
| 20:44 | Build | House |
| 20:47 | Build | House |
| 21:00 | Build | Palisade Wall |
| 21:29 | Create | Archer |
| 21:29 | Create | Archer |
| 21:30 | Create | Archer |
| 21:30 | Create | Archer |
| 21:36 | Research | Padded Archer Armor |
| 21:38 | Create | Villager (Male) |
| 21:38 | Create | Villager (Male) |
| 21:39 | Create | Villager (Male) |
| 21:50 | Build | Farm |
| 21:51 | Build | Farm |
| 21:51 | Build | Farm |
| 21:51 | Build | Farm |
| 21:51 | Build | Farm |
| 21:51 | Build | Farm |
| 21:52 | Build | Farm |
| 21:52 | Build | Farm |
| 23:00 | Create | Archer |
| 23:00 | Create | Archer |
| 23:01 | Create | Archer |
| 23:01 | Create | Archer |
| 23:01 | Create | Archer |
| 23:16 | Age | Castle Age |
| 23:24 | Build | University |
| 23:31 | Research | Wheelbarrow |
| 24:06 | Research | Crossbowman (upgrade) |
| 24:34 | Research | Thumb Ring |
| 24:37 | Create | Archer |
| 24:37 | Create | Archer |
| 24:39 | Create | Archer |
| 24:39 | Create | Archer |
| 24:46 | Create | Villager (Male) |
| 24:47 | Create | Villager (Male) |
| 25:03 | Research | Bow Saw |
| 25:05 | Create | Villager (Male) |
| 25:05 | Create | Villager (Male) |
| 25:51 | Create | Archer |
| 25:51 | Create | Archer |
| 25:51 | Create | Archer |
| 25:53 | Create | Villager (Male) |
| 26:02 | Build | Town Center |
| 27:24 | Research | Bodkin Arrow |
| 27:25 | Research | Leather Archer Armor |
| 27:28 | Research | Ballistics |
| 27:32 | Create | Archer |
| 27:33 | Create | Archer |
| 27:33 | Create | Archer |
Build order — Hoshigaki kisame
First 150 of 173 actions detected
| 0:05 | Build | House |
| 0:07 | Create | Villager (Male) ×4 |
| 0:08 | Create | Villager (Male) ×4 |
| 0:13 | Build | House |
| 1:40 | Create | Villager (Male) |
| 2:07 | Create | Villager (Male) |
| 2:07 | Research | Loom |
| 2:33 | Create | Villager (Male) |
| 2:45 | Build | Mill |
| 3:08 | Create | Villager (Male) |
| 3:34 | Create | Villager (Male) |
| 3:35 | Create | Villager (Male) |
| 3:47 | Create | Villager (Male) |
| 3:47 | Create | Villager (Male) |
| 4:14 | Build | House |
| 4:15 | Build | House |
| 4:22 | Create | Villager (Male) |
| 4:22 | Create | Villager (Male) |
| 4:22 | Create | Villager (Male) |
| 4:46 | Create | Villager (Male) |
| 5:06 | Create | Villager (Male) |
| 5:31 | Build | Lumber Camp |
| 5:40 | Create | Villager (Male) |
| 6:11 | Create | Villager (Male) |
| 7:05 | Create | Villager (Male) |
| 7:05 | Create | Villager (Male) |
| 8:09 | Create | Villager (Male) |
| 8:35 | Build | Mill |
| 8:46 | Research | Feudal Age |
| 9:09 | Build | House |
| 10:00 | Create | Villager (Male) |
| 10:12 | Build | House |
| 10:51 | Create | Villager (Male) |
| 10:56 | Age | Feudal Age |
| 10:58 | Research | Town Watch |
| 11:02 | Research | Double-Bit Axe |
| 11:18 | Build | Blacksmith |
| 11:30 | Build | Mining Camp |
| 11:58 | Create | Villager (Male) |
| 12:52 | Build | Siege Workshop |
| 13:09 | Build | Watch Tower |
| 13:14 | Create | Villager (Male) |
| 13:14 | Create | Villager (Male) |
| 13:28 | Research | Wheelbarrow |
| 13:49 | Create | Villager (Male) |
| 13:49 | Create | Villager (Male) |
| 13:49 | Create | Villager (Male) |
| 13:49 | Create | Villager (Male) |
| 13:50 | Create | Villager (Male) |
| 13:50 | Create | Villager (Male) |
| 13:58 | Create | Battering Ram |
| 14:12 | Build | Mining Camp |
| 14:41 | Create | Battering Ram |
| 15:10 | Create | Battering Ram |
| 15:34 | Create | Battering Ram |
| 15:41 | Create | Villager (Male) |
| 15:56 | Research | Horse Collar |
| 15:59 | Create | Villager (Male) |
| 16:06 | Build | House |
| 16:07 | Build | House |
| 16:10 | Build | House |
| 16:25 | Create | Battering Ram |
| 17:04 | Create | Villager (Male) |
| 17:51 | Create | Battering Ram |
| 17:51 | Create | Battering Ram |
| 17:52 | Create | Battering Ram |
| 17:52 | Create | Battering Ram |
| 18:24 | Build | Barracks |
| 18:36 | Create | Villager (Male) |
| 18:37 | Create | Villager (Male) |
| 18:37 | Create | Villager (Male) |
| 19:11 | Build | Farm |
| 19:37 | Build | Town Center |
| 19:41 | Create | Battering Ram |
| 19:44 | Create | Battering Ram |
| 20:30 | Build | Farm |
| 20:32 | Create | Villager (Male) |
| 20:33 | Create | Villager (Male) |
| 20:33 | Create | Villager (Male) |
| 20:33 | Create | Villager (Male) |
| 20:43 | Build | Farm |
| 21:14 | Build | Farm |
| 21:35 | Build | Archery Range |
| 21:36 | Build | Archery Range |
| 21:45 | Build | Farm |
| 21:48 | Create | Villager (Male) |
| 21:48 | Create | Villager (Male) |
| 22:00 | Build | Archery Range |
| 22:08 | Create | Villager (Male) |
| 22:19 | Create | Skirmisher |
| 22:22 | Create | Skirmisher |
| 22:23 | Create | Skirmisher |
| 22:30 | Build | Farm |
| 22:32 | Create | Villager (Male) |
| 22:47 | Build | Farm |
| 22:58 | Build | Farm |
| 22:59 | Build | Farm |
| 23:00 | Build | Farm |
| 23:02 | Build | Farm |
| 23:07 | Create | Villager (Male) |
| 23:11 | Build | Farm |
| 23:20 | Create | Skirmisher |
| 23:20 | Create | Skirmisher |
| 23:20 | Create | Skirmisher |
| 23:21 | Create | Skirmisher |
| 23:21 | Create | Skirmisher |
| 23:21 | Create | Skirmisher |
| 23:29 | Build | Farm |
| 24:27 | Build | Farm |
| 24:33 | Build | Farm |
| 24:46 | Create | Skirmisher |
| 24:47 | Create | Skirmisher |
| 25:22 | Build | House |
| 25:24 | Build | House |
| 25:26 | Build | House |
| 25:27 | Build | House |
| 25:29 | Build | House |
| 25:32 | Build | House |
| 25:34 | Build | House |
| 25:39 | Build | House |
| 25:42 | Build | House |
| 25:48 | Build | House |
| 25:50 | Build | House |
| 26:00 | Create | Villager (Male) |
| 26:02 | Create | Villager (Male) |
| 26:11 | Create | Skirmisher |
| 26:11 | Create | Skirmisher |
| 26:11 | Create | Skirmisher |
| 26:27 | Create | Villager (Male) |
| 26:28 | Create | Villager (Male) |
| 26:34 | Build | Farm |
| 26:46 | Create | Villager (Male) |
| 26:57 | Build | Farm |
| 27:03 | Research | Gold Mining |
| 27:30 | Build | Farm |
| 27:39 | Research | Fletching |
| 27:55 | Create | Villager (Male) |
| 28:05 | Research | Castle Age |
| 28:11 | Create | Villager (Male) |
| 28:11 | Create | Villager (Male) |
| 28:23 | Build | Stable |
| 28:24 | Build | Stable |
| 28:26 | Build | Stable |
| 28:45 | Research | Padded Archer Armor |
| 28:52 | Create | Skirmisher ×5 |
| 28:52 | Create | Skirmisher ×5 |
| 28:52 | Create | Skirmisher ×3 |
| 29:05 | Create | Villager (Male) |
| 29:05 | Create | Villager (Male) |
| 29:23 | Build | Lumber Camp |
Match timeline
| 7:53 | Helios · wall_segment Palisade Wall x10 |
| 9:09 | IDrael · first_building Barracks |
| 9:42 | Helios · wall_segment Palisade Wall x8 |
| 10:11 | Helios · first_building Barracks |
| 10:17 | IDrael · age_up feudal |
| 10:38 | Helios · age_up feudal |
| 10:56 | Hoshigaki kisame · age_up feudal |
| 11:27 | frizboum · first_building Barracks |
| 11:28 | Helios · first_building Archery Range |
| 11:35 | Helios · wall_segment Palisade Wall x6 |
| 12:52 | Hoshigaki kisame · first_building Siege Workshop |
| 13:39 | Helios · wall_segment Palisade Wall x7 |
| 18:24 | Hoshigaki kisame · first_building Barracks |
| 21:00 | Helios · wall_segment Palisade Wall x10 |
| 21:35 | Hoshigaki kisame · first_building Archery Range |
| 21:48 | IDrael · first_building Archery Range |
| 23:16 | Helios · age_up castle |
| 25:05 | IDrael · age_up castle |
| 25:33 | IDrael · first_market_buy 100 wood |
| 26:45 | frizboum · first_building Archery Range |
| 26:58 | IDrael · first_market_sell 100 food |
| 28:23 | Hoshigaki kisame · first_building Stable |
| 28:27 | frizboum · first_market_sell 100 wood |
| 28:29 | frizboum · first_market_buy 100 stone |
| 29:13 | frizboum · first_building Castle |
| 29:54 | frizboum · first_building Siege Workshop |
| 30:45 | Hoshigaki kisame · age_up castle |
| 32:17 | IDrael · resign |
[ AI ANALYSIS · 1 CREDIT ]
What really happened in this match?
Wolo.gg analyzes every decision: build order, eco, micro, common mistakes by bracket. Personalized analysis on WhatsApp or Discord in 30 seconds.
Civ guide
Italians
Map guide
Arabia
Perfil
frizboum